 Dungeon Crawl Stone Soup version 0.21-a0-508-gf08a75f (webtiles) character file.

35 BingusPrime the Insei (level 3, -4/28 HPs)
             Began as a Draconian Transmuter on Nov 28, 2017.
             Slain by an orc wizard
             ... wielding a +0 dagger
              (5 damage)
             ... on level 2 of the Dungeon.
             The game lasted 00:05:12 (1006 turns).

BingusPrime the Insei (Draconian Transmuter)        Turns: 1006, Time: 00:05:12

Health: -4/28      AC:  5    Str: 12    XL:     3   Next: 16%
Magic:  5/6        EV: 18    Int: 13    God:
Gold:   85         SH:  0    Dex: 17    Spells: 3/7 levels left

rFire    . . .     SeeInvis .   m - +1 short sword
rCold    . . .     Gourm    .   (no shield)
rNeg     . . .     Faith    .   (armour unavailable)
rPois    .         Spirit   .   (helmet restricted)
rElec    .         Reflect  .   (no cloak)
rCorr    .         Harm     .   (no gloves)
MR       .....                  (no boots)
Stlth    +++.......             (no amulet)
HPRegen  0.09/turn              (no ring)
MPRegen  0.10/turn              (no ring)

@: agile
A: unfitting armour, cold-blooded, AC +5
a: no special abilities


You were on level 2 of the Dungeon.
You were hungry.

You visited 1 branch of the dungeon, and saw 2 of its levels.

You collected 85 gold pieces.

Inventory:

Hand Weapons
 f - a +0 short sword
 m - a +1 short sword (weapon)
Missiles
 a - 12 arrows
 o - 24 bolts
Scrolls
 d - a scroll of enchant armour
Potions
 k - a potion of resistance
Books
 b - a book of Changes

   Spells                             Type                      Level
   a - Beastly Appendage              Transmutation                1
   b - Sticks to Snakes               Transmutation                2
   c - Spider Form                    Transmutation/Poison         3
   d - Ice Form                       Ice/Transmutation            4
   e - Blade Hands                    Transmutation                5
Comestibles
 c - a bread ration


   Skills:
 + Level 1.1 Fighting
 + Level 0.2 Short Blades
 + Level 2.0 Dodging
 + Level 3.5 Unarmed Combat
 + Level 2.5 Spellcasting
 + Level 2.3 Transmutations


You had 3 spell levels left.
You knew the following spells:

 Your Spells              Type           Power        Failure   Level  Hunger
a - Beastly Appendage     Tmut           #.....       10%         1    #......
b - Spider Form           Tmut/Pois      #.........   41%         3    ###....


Dungeon Overview and Level Annotations

Branches:
Dungeon (2/15)

Altars:


Innate Abilities, Weirdness & Mutations

Your plain brown scales are hard. (AC +5)
You cannot fit into any form of body armour.
You are cold-blooded and may be slowed by cold attacks.


Message History

The orc wizard hits you with a dagger.
You barely miss the orc wizard.
Your tail-slap misses the orc wizard.
The orc wizard is heavily wounded.
The orc wizard casts a spell at you. The puff of frost hits you!
You barely miss the orc wizard. You tail-slap the orc wizard.
The orc wizard is heavily wounded.
The orc wizard hits you but does no damage.
The orc wizard points at you and mumbles some strange words.
The puff of flame hits you!
* * * LOW HITPOINT WARNING * * *
It was a potion of agility.
You feel agile all of a sudden.
The orc wizard mumbles some strange words.
The orc wizard seems to speed up.
The orc wizard hits you but does no damage. x2
The orc wizard begins to cast a cantrip, but forgets the words!
A worm comes into view.
The orc wizard hits you with a dagger.
You die...

#.##.........
..$#####.#.......... ..
........#.....†.... ...
..##.......)...... ....
..#.#.†..........
....####...#.?..........
..........##............
w.....#...##...#..####..
##.@.....)..#.# .#
#...o.....(...# #
###..).###....... ##..##
#....### #....# #..#.#
##..)# .##.# ##)## ## .
##. . ##


You could see a worm (sleeping) and an orc wizard.

Vanquished Creatures
  An ooze (D:1)
  2 worms (D:2)
  A leopard gecko (D:2)
  2 orcs (D:2)
  A bat (D:1)
  3 giant cockroaches (D:1)
  2 goblins (D:2)
  A hobgoblin (D:1)
  3 kobolds (D:1)
  A ball python (D:1)
  2 frilled lizards
  2 rats (D:1)
21 creatures vanquished.

Notes
Turn   | Place    | Note
-------+----------+-------------------------------------------
     0 | D:1      | BingusPrime the Draconian Transmuter began the quest for the Orb.
     0 | D:1      | Reached XP level 1. HP: 16/16 MP: 3/3
   254 | D:1      | Reached XP level 2. HP: 19/23 MP: 3/5
   929 | D:2      | Reached XP level 3. HP: 26/28 MP: 4/6
   951 | D:2      | Learned a level 3 spell: Spider Form
  1000 | D:2      | HP: 1/28 [orc wizard/puff of flame (9)]
  1006 | D:2      | Slain by an orc wizard

Vault maps used:
D:1:      lemuel_arrival_behind_the_door_small
D:2:      minmay_wonky_spiral, lemuel_doored_altar, tgw_trog,
          uniq_crazy_yiuf_cottage, uniq_terence

Skill      XL: |  1  2 |
---------------+-------+-----
Dodging        | 2 |  2.0
Fighting       | |  1.1
Short Blades   | |  0.2
Unarmed Combat | |  3.5
Spellcasting   | |  2.5
Transmutations | |  2.3

Action                   || total
-------------------------++-------
Melee: Unarmed           ||    48
       Kick              ||    13
       Headbutt          ||     3
       Punch             ||     2
       Short sword       ||    26
       Tailslap          ||     2
 Cast: Beastly Appendage ||    14
       Spider Form       ||     1
  Use: Scroll            ||     7
       Potion            ||     1
Armor: Skin              ||    17
Dodge: Dodged            ||    45

Table legend:
 A = Spawn XP
 B = Non-spawn XP
 C = Spawn XP percentage of total XP
 D = Spawn monster count
 E = Non-spawn monster count
 F = Spawn count percentage of total count
 G = Total turns spent on level
                    A         B        C        D         E        F      G
               +---------+---------+-------+---------+---------+-------+---------
         Total |       0 |      50 |   0.0 |       0 |      21 |   0.0 |  1006
               +---------+---------+-------+---------+---------+-------+---------
           D:1 |       0 |      26 |   0.0 |       0 |      13 |   0.0 |   539
           D:2 |       0 |      24 |   0.0 |       0 |       8 |   0.0 |   467
               +---------+---------+-------+---------+---------+-------+---------
